 Dungeon Crawl Stone Soup version 0.30-a0-4-ga7cffc901d (webtiles) character file.

Game seed: 14990834571604917629

1151 Misha the Cleaver (level 8, -2/67 HPs)
             Began as a Meteoran Fighter on Aug 21, 2022.
             Slain by Duvessa
             ... wielding a +2 short sword of venom
              (10 damage)
             ... on level 5 of the Dungeon.
             The game lasted 00:11:02 (2884 turns).

Misha the Cleaver (Meteoran Fighter)                Turns: 2884, Time: 00:11:02

Health: -2/67      AC:  8    Str: 17 (18) XL:     8   Next: 97%
Magic:  9/9        EV: 10    Int:  9      God:
Gold:   199        SH: 11    Dex: 16      Spells: 7/7 levels left

rFire   . . .      SeeInvis .    a - +0 war axe
rCold   . . .      Faith    .    c - +0 buckler
rNeg    . . .      Spirit   .    b - +0 scale mail
rPois   +          Reflect  +    (no helmet)
rElec   .          Harm     .    m - scarf {repulsion}
rCorr   .          Rampage  .    u - +0 pair of gloves
Will    +....                    (no boots)
Stlth   ..........               g - amulet of reflection
HPRegen 0.21/turn                l - ring of poison resistance
MPRegen 0.11/turn                (no ring)

@: attractive, flying, glowing, repel missiles, bezotted
A: sense surroundings 1, otherworldly, glowing, explore regen
a: no special abilities


You were on level 5 of the Dungeon.
You visited 1 branch of the dungeon, and saw 5 of its levels.

You collected 199 gold pieces.

Inventory:

Hand Weapons
 a - a +0 war axe (weapon)
 s - a +2 quarterstaff of chaos
 w - a +5 scythe of freezing
 B - a +0 morningstar
Missiles
 e - 14 poisoned darts (quivered)
 A - 4 javelins
Armour
 b - a +0 scale mail (worn)
 c - a +0 buckler (worn)
 d - a +1 robe of willpower
 m - a scarf of repulsion (worn)
 t - a +0 cloak
 u - a +0 pair of gloves (worn)
 C - a scarf of resistance
Jewellery
 g - an amulet of reflection (around neck)
 l - a ring of poison resistance (left hand)
Wands
 y - a wand of mindburst (11)
Scrolls
 f - 2 scrolls of fear {unknown}
 h - a scroll of amnesia {unknown}
 i - 2 scrolls of identify {unknown}
 n - 3 scrolls of brand weapon {unknown}
 p - 3 scrolls of teleportation {unknown}
 v - a scroll of butterflies {unknown}
 z - a scroll of enchant weapon {unknown}
 D - a scroll of enchant armour {unknown}
Potions
 k - 2 potions of curing
 r - a potion of attraction


   Skills:
 + Level 4.8 Fighting
 + Level 8.5 Axes
 + Level 0.7 Throwing
 + Level 5.8 Armour
 + Level 2.6 Dodging
 + Level 0.2 Stealth
 + Level 5.8 Shields


You had 7 spell levels left.
You didn't know any spells.
Your spell library contained the following spells:

 Spells                   Type           Power      Damage    Failure   Level
 Apportation              Tloc           0%         N/A       85%         1
 Beastly Appendage        Tmut           0%         N/A       85%         1
 Necrotise                Necr           0%         1d4       85%         1
 Summon Small Mammal      Summ           0%         N/A       85%         1
 Wereblood                Tmut           0%         N/A       94%         2
 Gell's Gravitas          Tloc           0%         N/A       99%         3
 Lesser Beckoning         Tloc           0%         N/A       99%         3
 Spider Form              Tmut/Pois      0%         N/A       99%         3
 Teleport Other           Tloc           0%         N/A       99%         3


Dungeon Overview and Level Annotations

Branches:
Dungeon (5/15) Zot: 41
 Temple: D:4-7

Altars:
Kikubaaqudgha

Annotations:
D:5 Dowan, Duvessa


Innate Abilities, Weirdness & Mutations

You passively map a small area around you.
You are easily found by Zot.
You glow in the dark.
You regain HP and MP as you explore.


Message History

You block Duvessa's attack.
You closely miss Duvessa.
Duvessa is severely wounded.
You slash the water moccasin!
You feel very sick. The water moccasin barely misses you.
Duvessa hits you but does no damage. The water moccasin bites you.
* * * LOW HITPOINT WARNING * * *
You hit Duvessa but do no damage.
Duvessa is severely wounded.
You hit the water moccasin but do no damage.
You feel very sick.
Duvessa hits you with a +2 short sword of venom!
* * * LOW HITPOINT WARNING * * *
Dowan gestures wildly while chanting.
Dowan blinks!
The water moccasin bites you but does no damage.
Duvessa hits you with a +2 short sword of venom.
* * * LOW HITPOINT WARNING * * *
You are more poisoned.
You feel better. You block the water moccasin's attack.
You block Duvessa's attack.
Dowan casts a spell.
Dowan blinks!
The water moccasin barely misses you. Duvessa completely misses you.
It was a potion of magic.
Magic courses through your body. You block Duvessa's attack.
The water moccasin bites you but does no damage.
You hit Duvessa but do no damage.
Duvessa is severely wounded.
You closely miss the water moccasin. You block Duvessa's attack.
The water moccasin barely misses you.
Duvessa hits you with a +2 short sword of venom.
* * * LOW HITPOINT WARNING * * *
The water moccasin bites you.
* * * LOW HITPOINT WARNING * * *
It was a potion of attraction.
You feel attractive to monsters.
Duvessa hits you with a +2 short sword of venom!
You die...

...# #.......##.#.##.##
.,, ...#
#..........<.....# ##
...# #..........>.(...#
...#
###................# *
#............##....# , ,
* #...######...##....#
,,
.####...######...#######
* ......................
#####...######@S.####
##### #.e....e..
#......... #......... ,
#......... #.........
########## *


You could see Duvessa (fast), a water moccasin and Dowan.

Vanquished Creatures
  Pikel (D:5)
  Sigmund (D:4)
  A black bear (D:4)
  A phantom (D:4)
  A lemure (D:5)
  A scorpion (D:5)
  A hound (D:4)
  Crazy Yiuf (D:3)
  An orc priest (D:5)
  An iguana (D:4)
  3 gnolls (D:5)
  9 adders
  5 dart slugs
  2 worms
  4 orcs
  5 ball pythons
  5 endoplasms
  A giant cockroach (D:4)
  5 goblins
  9 hobgoblins
  2 jackals (D:1)
  4 quokkas
  2 bats
  3 frilled lizards
  10 kobolds
  2 rats
81 creatures vanquished.

Vanquished Creatures (others)
  A human (D:3)
1 creature vanquished.

Grand Total: 82 creatures vanquished

Notes
Turn   | Place    | Note
-------+----------+-------------------------------------------
     0 | D:1      | Misha the Meteoran Fighter began the quest for the Orb.
     0 | D:1      | Reached XP level 1. HP: 19/19 MP: 2/2
   101 | D:1      | Reached XP level 2. HP: 7/26 MP: 3/3
   449 | D:1      | Reached XP level 3. HP: 30/31 MP: 4/4
   485 | D:1      | Glimpsed the power of Zot.
   496 | D:2      | Reached skill level 3 in Axes
   557 | D:2      | Reached XP level 4. HP: 35/39 MP: 5/5
   754 | D:2      | Reached skill level 1 in Dodging
   985 | D:2      | Reached skill level 4 in Axes
  1062 | D:2      | Glimpsed the power of Zot.
  1112 | D:2      | Glimpsed the power of Zot.
  1144 | D:3      | Reached XP level 5. HP: 46/46 MP: 6/6
  1238 | D:3      | Found a runed translucent door.
  1239 | D:3      | Noticed Crazy Yiuf
  1384 | D:3      | Killed Crazy Yiuf
  1645 | D:3      | Found an ancient bone altar of Kikubaaqudgha.
  1648 | D:3      | Glimpsed the power of Zot.
  1653 | D:3      | Noticed a human
  1656 | D:3      | Killed a human
  1696 | D:3      | Glimpsed the power of Zot.
  1716 | D:4      | Reached skill level 5 in Axes
  1716 | D:4      | Reached XP level 6. HP: 48/52 MP: 7/7
  1909 | D:4      | Reached XP level 7. HP: 50/59 MP: 8/8
  1967 | D:4      | Noticed Sigmund
  1980 | D:4      | Killed Sigmund
  1981 | D:4      | Reached skill level 6 in Axes
  1981 | D:4      | Reached skill level 5 in Shields
  1984 | D:4      | Reached skill level 5 in Armour
  2225 | D:5      | Entered Level 5 of the Dungeon
  2255 | D:5      | Reached skill level 7 in Axes
  2255 | D:5      | Reached XP level 8. HP: 57/66 MP: 9/9
  2456 | D:5      | Noticed Pikel
  2476 | D:5      | Killed Pikel
  2477 | D:5      | Reached skill level 8 in Axes
  2827 | D:5      | Glimpsed the power of Zot.
  2867 | D:5      | Noticed Dowan
  2868 | D:5      | Noticed Duvessa
  2876 | D:5      | Glimpsed the power of Zot.
  2884 | D:5      | Slain by Duvessa

Illustrated notes

Levels and vault maps discovered:
D:1:      lightli_arrival_statuegarden, layout_loops_cross
D:2:      layout_basic, minmay_crystal_water
D:3:      layout_rooms, tgw_kikubaaqudgha, minmay_misc_feat_tiny,
          hex_intersection, uniq_crazy_yiuf_cottage
D:4:      layout_basic, uniq_sigmund
D:5:      layout_basic, minmay_misc_feat_rugged, uniq_pikel, uniq_menkaure,
          uniq_duvessa

Skill      XL: |  1  2  3  4  5  6  7  8 |
---------------+-------------------------+-----
Axes           | 3 4 5 7 8 |  8.5
Shields        | 4 5 |  5.8
Armour         | 4 5 |  5.8
Dodging        | 1 2 |  2.6
Fighting       | 4 |  4.8
Throwing       | |  0.7
Stealth        | |  0.2

Action                   |  1- 3 |  4- 6 |  7- 9 || total
-------------------------+-------+-------+-------++-------
Melee: War axe           |    58 |   133 |    59 ||   250
Throw: Dart              |       |     1 |     5 ||     6
  Use: Potion            |       |     2 |     8 ||    10
Armor: Scale mail        |    28 |    55 |    32 ||   115
Dodge: Dodged            |    23 |    41 |    27 ||    91
       Repelled          |       |     1 |     1 ||     2
Block: Buckler           |    39 |    86 |    46 ||   171
       Reflection        |     1 |     3 |     1 ||     5

Table legend: (Time is in decaauts)
 A = Elapsed time spent in this place.
 B = Non-inter-level travel time spent in this place.
 C = Inter-level travel time spent in this place.
 D = Time resting spent in this place.
 E = Time spent auto-exploring this place.
 F = Levels seen in this place.
 G = Mean time per level.
                   A        B        C        D        E       F      G
               +--------+--------+--------+--------+--------+-----+--------+
         Total |   2957 |   2861 |     96 |    412 |   1566 |   5 |  591.4 |
       Dungeon |   2957 |   2861 |     96 |    412 |   1566 |   5 |  591.4 |
               +--------+--------+--------+--------+--------+-----+--------+

Top non-repeatable levels by time:
     D:2: 668 daAuts
     D:5: 665 daAuts
     D:3: 588 daAuts
     D:4: 529 daAuts
     D:1: 504 daAuts
